 Dungeon Sprint DCSS version 0.27-a0-1565-gad902ab807 (webtiles) character file.

Game seed: 16244849338396390406

13868 mhtbhm the Fencer (level 11, -5/184 HPs)
             Began as a Minotaur Berserker on July 16, 2021.
             Was the Champion of Trog.
             Shot with an arrow by a deep elf master archer (24 damage)
             ... in the Dungeon (Sprint II: "The Violet Keep of Menkaure").
             The game lasted 00:06:10 (3059 turns).

mhtbhm the Fencer (Minotaur Berserker)              Turns: 3059, Time: 00:06:11

Health: -5/184     AC: 13    Str: 25    XL:     11   Next: 81%
Magic:  0/10       EV: 14    Int: 10    God:    Trog [******]
Gold:   893        SH:  0    Dex: 10    Spells: 10/10 levels left

rFire    + . .     SeeInvis .   a - +6 demon blade (elec)
rCold    + . .     Faith    .   (no shield)
rNeg     . . .     Spirit   +   b - +2 scale mail {rPois}
rPois    +         Reflect  .   (helmet restricted)
rElec    .         Harm     .   d - scarf {rC+ rF+}
rCorr    +         Rampage  .   (no gloves)
Will     .....     NoTele   +   o - +0 pair of boots
Stlth    ..........             j - amulet of guardian spirit
HPRegen  0.40/turn              n - +6 ring of intelligence
MPRegen  0.12/turn              u - ring of resist corrosion

@: berserking, flying, very quick
A: horns 2, retaliatory headbutt
a: Renounce Religion, Berserk, Trog's Hand, Brothers in Arms


You were in the Dungeon.
You worshipped Trog.
Trog was exalted by your worship.
You visited 1 branch You collected 1897 gold pieces.
You spent 1004 gold pieces at shops.

Inventory:

Hand Weapons
 a - a +6 demon blade of electrocution (weapon)
Armour
 b - a +2 scale mail of poison resistance (worn)
 d - a scarf of resistance (worn)
 o - a +0 pair of boots (worn)
Jewellery
 j - an amulet of guardian spirit (around neck)
 n - a +6 ring of intelligence (left hand)
 u - a ring of resist corrosion (right hand)
 v - a ring of wizardry
Scrolls
 h - 3 scrolls of blinking
 k - 6 scrolls of identify {unknown}
 m - a scroll of fog {unknown}
 s - 2 scrolls of amnesia {unknown}
Potions
 c - 2 potions of curing
 e - 5 potions of haste
 f - 5 potions of magic
 g - a potion of berserk rage
 i - a potion of might {unknown}
 l - a potion of degeneration {unknown}
 p - 4 potions of flight
 q - a potion of brilliance {unknown}
 r - 2 potions of heal wounds
 t - 3 potions of resistance {unknown}


   Skills:
 + Level 19.5 Fighting
 + Level 20.2 Long Blades
 + Level 13.9 Armour
 + Level 12.3 Dodging
 + Level 2.9 Stealth


You had 10 spell levels left.
You didn't know any spells.
Your spell library was empty.

Dungeon Overview and Level Annotations

Branches:
Dungeon (1/1)

Altars:
Cheibriados
Dithmenos
Elyvilon
Fedhas
Gozag
Hepliaklqana
Kikubaaqudgha
Makhleb
Nemelex Xobeh
Okawaru
Qazlal
Ru
Sif Muna
Trog
Uskayaw
Vehumet
Wu Jian
Xom
Yredelemnul
Zin
The Shining One
Beogh
Jiyva
Lugonu

Shops:
D :(!([??[?=*!:=(=

Annotations:
D exclusion: oklob plant


Innate Abilities, Weirdness & Mutations

You have a pair of horns on your head.
You reflexively headbutt those who attack you in melee.


Message History

You feel yourself speed up.
You start resting.
HP restored.
You start waiting.
You recover from your berserk rage.
You start waiting.
The walls and floor vibrate strangely for a moment.
There is an open door, spattered with blood here.
You feel very buoyant.
You fly up into the air.
What are your orders? t - Shout!
Orders for allies: a - Attack new target. r - Retreat! s - Stop attacking. g - Guard the area. f - Follow me.
Anything else - Cancel.
Okay, then.
The deep elf master archer shouts!
The deep elf master archer wields a +2 longbow of flaming.
It bursts into flame!
The deep elf master archer shoots an arrow.
The arrow barely misses you.
The deep elf master archer shoots an arrow.
The arrow hits you!! The arrow burns you.
The deep elf master archer shoots an arrow.
The arrow completely misses you.
The deep elf master archer shoots an arrow.
The arrow hits you!! The arrow burns you.
The deep elf master archer shoots an arrow.
The arrow hits you!! The arrow burns you.
A red film seems to cover your vision as you go berserk!
You feel yourself moving faster!
You feel mighty!
The deep elf master archer shoots an arrow.
The arrow hits you!!!
* * * LOW HITPOINT WARNING * * *
The arrow burns you!
* * * LOW HITPOINT WARNING * * *
The deep elf master archer shoots an arrow.
The arrow hits you!!
You die...

▓▓▓ ..▓ ▓▓+▓▓▓▓.▓ ##++##
+○°°▓0..▓ # ##≈...### #°.○▓▓▓▓▓
≈## #e@.....###...▓≈≈≈≈ ###≈≈#+++
####....#.##)[▓▓▓▓▓ ##≈≈≈... ..
#..'....#..#=}▓(...
.#≈≈≈≈.##+##..#)[####.#.†#[)▓)...
.#≈≈≈≈##.#.##.####.['.##)#})▓[...
.#≈≈≈≈#..#..# ...#..#...####▓)[(.
.#≈≈####.#.####..#####..##.#▓..:.
.#≈##.###'###.##..#..'..#.)#▓)..)
.#≈#...##.##.#.#..#.[#†^#†.#▓..).


You could see a deep elf master archer.

Vanquished Creatures
  2 sphinxes (D)
  A kraken (D)
  Roxanne (D)
  A crystal guardian (D)
  A fire dragon (D)
  2 boulder beetles (D)
  An ice dragon (D)
  2 death drakes (D)
  2 deep trolls (D)
  A merfolk siren (D)
  A yaktaur (D)
  3 polar bears (D)
  A hornet (D)
  4 wyverns (D)
  4 water moccasins (D)
  2 swamp drakes (D)
  A scorpion (D)
  4 lava snakes (D)
  3 worms (D)
  3 tentacles (D)
40 creatures vanquished.

Vanquished Creatures (others)
  Menkaure (D)
  A water moccasin (D)
  3 tentacles (D)
5 creatures vanquished.

Grand Total: 45 creatures vanquished

Notes
Turn   | Place    | Note
-------+----------+-------------------------------------------
     0 | D        | mhtbhm the Minotaur Berserker began the quest for the Orb.
     0 | D        | Reached XP level 1. HP: 19/19 MP: 0/0
     1 | D        | Noticed a boulder beetle
     1 | D        | Noticed a boulder beetle
     5 | D        | Noticed a merfolk siren
    19 | D        | Killed Menkaure
    36 | D        | Killed a merfolk siren
    37 | D        | Reached skill level 10 in Fighting
    37 | D        | Reached skill level 10 in Long Blades
    37 | D        | Reached skill level 5 in Armour
    37 | D        | Reached skill level 5 in Dodging
    37 | D        | Reached XP level 2. HP: 38/38 MP: 1/1
    37 | D        | Reached XP level 3. HP: 45/45 MP: 2/2
    37 | D        | Reached XP level 4. HP: 51/51 MP: 3/3
    37 | D        | Reached XP level 5. HP: 58/58 MP: 4/4
    37 | D        | Reached XP level 6. HP: 66/66 MP: 5/5
   225 | D        | Killed a water moccasin
   294 | D        | Noticed a wyvern
   294 | D        | Noticed a wyvern
   303 | D        | Killed a wyvern
   303 | D        | Reached ** piety under Trog
   304 | D        | Reached skill level 11 in Long Blades
   306 | D        | Killed a wyvern
   307 | D        | Reached skill level 12 in Long Blades
   307 | D        | Reached XP level 7. HP: 75/75 MP: 6/6
   396 | D        | Reached *** piety under Trog
   439 | D        | Found Ugosamp's Weapon Shop.
   439 | D        | Found Olaptit's Distillery.
   439 | D        | Found Ruuluwne's Magic Scroll Boutique.
   439 | D        | Found Vextutuewa's Antique Armour Shop.
   439 | D        | Found Senlin's General Store.
   439 | D        | Found Isideef's Magic Scroll Boutique.
   440 | D        | Found Oberat's Magic Scroll Boutique.
   440 | D        | Found Vazics's Antique Armour Shop.
   440 | D        | Found Ravicir's Weapon Boutique.
   440 | D        | Found Mingerax's Book Shop.
   441 | D        | Found Gamy's Distillery.
   441 | D        | Found Zite's Antique Weapon Boutique.
   442 | D        | Found Irphaus's Jewellery Boutique.
   442 | D        | Found Virpholesa's Jewellery Shop.
   455 | D        | Noticed a redback
   456 | D        | Noticed a redback
   456 | D        | Noticed an oklob plant
   457 | D        | Found Wemn's Book Shoppe.
   664 | D        | Bought a runed falchion for 144 gold pieces
   666 | D        | Noticed a shining eye
   679 | D        | Bought a shiny scale mail for 133 gold pieces
   684 | D        | Bought a runed scarf for 152 gold pieces
   722 | D        | Killed a boulder beetle
   723 | D        | Reached skill level 14 in Long Blades
   723 | D        | Reached XP level 8. HP: 88/88 MP: 7/7
   734 | D        | Killed a boulder beetle
   734 | D        | Reached **** piety under Trog
   735 | D        | Reached skill level 15 in Long Blades
   735 | D        | Reached XP level 9. HP: 32/96 MP: 8/8
  1027 | D        | Noticed a shining eye
  1028 | D        | Bought a scroll of blinking for 105 gold pieces
  1036 | D        | Bought a scroll of blinking for 90 gold pieces
  1042 | D        | Bought a potion of haste for 140 gold pieces
  1068 | D        | Found a glowing golden altar of the Shining One.
  1068 | D        | Found an ornate altar of the Wu Jian Council.
  1070 | D        | Found a stormy altar of Qazlal.
  1071 | D        | Found a shimmering altar of Xom.
  1071 | D        | Found a sacrificial altar of Ru.
  1072 | D        | Found a basalt altar of Yredelemnul.
  1072 | D        | Found a shimmering blue altar of Sif Muna.
  1072 | D        | Found a viscous altar of Jiyva.
  1073 | D        | Found a glowing silver altar of Zin.
  1073 | D        | Found a bloodstained altar of Trog.
  1073 | D        | Found an ancient bone altar of Kikubaaqudgha.
  1074 | D        | Found a hide-covered altar of Uskayaw.
  1074 | D        | Found a corrupted altar of Lugonu.
  1074 | D        | Found a shadowy altar of Dithmenos.
  1075 | D        | Found a radiant altar of Vehumet.
  1075 | D        | Found a burning altar of Makhleb.
  1075 | D        | Found a white marble altar of Elyvilon.
  1076 | D        | Found a sparkling altar of Nemelex Xobeh.
  1076 | D        | Found a blossoming altar of Fedhas.
  1078 | D        | Found an iron altar of Okawaru.
  1078 | D        | Found an opulent altar of Gozag.
  1079 | D        | Noticed a yaktaur
  1079 | D        | Noticed a polar bear
  1079 | D        | Noticed a polar bear
  1083 | D        | Killed a polar bear
  1084 | D        | Reached skill level 15 in Fighting
  1084 | D        | Noticed a polar bear
  1087 | D        | Killed a polar bear
  1088 | D        | Reached skill level 16 in Long Blades
  1090 | D        | Killed a polar bear
  1094 | D        | Reached ***** piety under Trog
  1098 | D        | Killed a yaktaur
  1250 | D        | Noticed a kraken
  1407 | D        | Killed a kraken
  1408 | D        | Reached skill level 17 in Long Blades
  1408 | D        | Reached skill level 10 in Armour
  1408 | D        | Reached XP level 10. HP: 89/108 MP: 4/9
  1570 | D        | Found a snail-covered altar of Cheibriados.
  1587 | D        | Reached skill level 1 in Stealth
  1587 | D        | Received a gift from Trog
  1588 | D        | Reached skill level 10 in Dodging
  1638 | D        | Noticed a deep troll
  1638 | D        | Noticed a deep troll
  1643 | D        | Killed a deep troll
  1644 | D        | Reached skill level 18 in Long Blades
  1646 | D        | Killed a deep troll
  1740 | D        | Noticed a sphinx
  1740 | D        | Noticed a sphinx
  1745 | D        | Killed a sphinx
  1746 | D        | Paralysed by a sphinx for 3 turns
  1753 | D        | Killed a sphinx
  1754 | D        | Reached skill level 19 in Long Blades
  1754 | D        | Reached XP level 11. HP: 119/119 MP: 6/10
  1866 | D        | Found a hazy altar of Hepliaklqana.
  1964 | D        | Bought a scroll of brand weapon for 240 gold pieces
  2009 | D        | Identified Roxanne's Catalogue of Changing
  2009 | D        | Noticed Roxanne
  2039 | D        | Killed Roxanne
  2207 | D        | Found Fesing's Jewellery Boutique.
  2410 | D        | Noticed a shining eye
  2621 | D        | Noticed a death drake
  2623 | D        | Noticed a death drake
  2626 | D        | Killed a death drake
  2627 | D        | Noticed a crystal guardian
  2632 | D        | Killed a death drake
  2636 | D        | Reached ****** piety under Trog
  2636 | D        | Identified the +7 long sword of the Lost Heavens
                  | {antimagic, Fly rN++} (Trog gifted it to you in the
                  | Dungeon)
  2636 | D        | Received a gift from Trog
  2641 | D        | Killed a crystal guardian
  2845 | D        | Noticed a fire dragon
  2854 | D        | Killed a fire dragon
  2855 | D        | Reached skill level 20 in Long Blades
  2936 | D        | Noticed a deep elf master archer
  2938 | D        | Noticed an ice dragon
  2944 | D        | Killed an ice dragon
  3059 | D        | Shot with an arrow by a deep elf master archer

Illustrated notes

Levels and vault maps discovered:
D:        the_violet_keep_of_menkaure [sprint2_stairs_cluster_1,
          sprint2_shoproom, sprint2_temple, sprint2_basic_supplies,
          sprint2_obstacle_6, sprint2_obstacle_7, sprint2_obstacle_3,
          sprint2_obstacle_5, sprint2_obstacle_2, sprint2_timed_cluster_1,
          sprint2_smallroom_cluster_1, sprint2_smallroom_final_cluster_1,
          sprint2_transparent_cluster_1, sprint2_second_timed_cluster_1,
          sprint2_sniper_area_1, sprint2_heavy_combat_area_1,
          sprint2_mutation_trap_area_1, sprint2_forest_area_1,
          sprint2_light_combat_area_1, sprint2_behind_water_1,
          sprint2_near_end_vault_1]

Skill      XL: |  1  2  3  4  5  6  7  8  9 10 11 |
---------------+----------------------------------+-----
Fighting       | 10 11 13 14 16 18 19 | 19.5
Long Blades    | 10 12 14 15 17 19 20 | 20.2
Armour         | 5 6 7 10 12 13 | 13.9
Dodging        | 5 6 7 8 9 11 12 | 12.3
Stealth        | 1 2 |  2.9

Action                   |  1- 3 |  4- 6 |  7- 9 | 10-12 || total
-------------------------+-------+-------+-------+-------++-------
Melee: Falchion          |    26 |    10 |    74 |     5 ||   115
       Headbutt          |     5 |     3 |    18 |    18 ||    44
       Demon blade       |       |       |       |    76 ||    76
Invok: Berserk           |       |     1 |     5 |     9 ||    15
       Brothers in Arms  |       |       |       |     1 ||     1
  Use: Potion            |     1 |       |       |     2 ||     3
       Scroll            |       |       |       |     2 ||     2
Armor: Animal skin       |       |     1 |       |       ||     1
       Scale mail        |       |       |    13 |    27 ||    40
Dodge: Dodged            |     2 |     6 |    19 |    41 ||    68
       Rpst.: Falchion   |       |     1 |     8 |     8 ||    17
       Demon blade       |       |       |       |     2 ||     2

Table legend: (Time is in decaauts)
 A = Elapsed time spent in this place.
 B = Non-inter-level travel time spent in this place.
 C = Inter-level travel time spent in this place.
 D = Time resting spent in this place.
 E = Time spent auto-exploring this place.
 F = Levels seen in this place.
 G = Mean time per level.
                   A        B        C        D        E       F      G
               +--------+--------+--------+--------+--------+-----+--------+
         Total |   3227 |   3227 |      0 |   2239 |      0 |   1 | 3227.0 |
       Dungeon |   3227 |   3227 |      0 |   2239 |      0 |   1 | 3227.0 |
               +--------+--------+--------+--------+--------+-----+--------+

Top non-repeatable levels by time:
       D: 3227 daAuts
